 Dungeon Crawl Stone Soup version 0.28-a0-664-gc179e30c89 (webtiles) character file.

Game seed: 12843537708620939063

3952 jasper the Carver (level 10, -1/79 HPs)
             Began as a Demonspawn Cinder Acolyte on Oct 16, 2021.
             Was an Initiate of Ignis.
             Slain by a gnoll sergeant (5 damage)
             ... on level 8 of the Dungeon.
             The game lasted 00:16:35 (10375 turns).

jasper the Carver (Demonspawn Cinder Acolyte)      Turns: 10375, Time: 00:16:36

Health: -1/79      AC: 10    Str: 15    XL:     10   Next: 2%
Magic:  11/11      EV:  7    Int: 15    God:    Ignis [......]
Gold:   469        SH:  5    Dex: 12    Spells: 9/11 levels left

rFire   + . .      SeeInvis .   i - +1 short sword (venom)
rCold   . . .      Faith    .   n - +0 buckler
rNeg    . . .      Spirit   .   d - +0 chain mail
rPois   .          Reflect  .   (no helmet)
rElec   .          Harm     .   (no cloak)
rCorr   .          Rampage  .   (no gloves)
Will    .....                   r - +0 pair of boots
Stlth   ..........              t - amulet of magic regeneration
HPRegen 0.23/turn               (no ring)
MPRegen 0.37/turn               y - ring of flight

@: flying
A: ignite blood 1, spiny 2
a: Renounce Religion


You were on level 8 of the Dungeon.
You worshipped Ignis.
Ignis was noncommittal.
You visited 1 branch of the dungeon, and saw 8 of its levels.

You collected 469 gold pieces.

Inventory:

Hand Weapons
 a - a +0 falchion of flaming
 i - a +1 short sword of venom (weapon)
Missiles
 g - 6 datura-tipped darts
 j - 92 stones (quivered)
 o - 3 throwing nets
 x - 11 poisoned darts
Armour
 b - a +0 robe
 d - a +0 chain mail (worn)
 n - a +0 buckler (worn)
 r - a +0 pair of boots (worn)
 A - a +0 scale mail
Jewellery
 t - an amulet of magic regeneration (around neck)
 v - a ring of fire
 y - a ring of flight (right hand)
Wands
 z - a wand of mindburst (2)
Scrolls
 c - 3 scrolls of enchant weapon
 e - a scroll of identify
 f - 7 scrolls of fog
 h - a scroll of fear
 m - a scroll of vulnerability
 p - a scroll of magic mapping
 q - a scroll of immolation
 B - a scroll of torment {unknown}
Potions
 k - 4 potions of haste
 s - a potion of curing {unknown}
 u - a potion of lignification {unknown}
 w - a potion of degeneration {unknown}


   Skills:
 + Level 7.3 Fighting
 * Level 10.0 Long Blades
 + Level 1.2 Throwing
 + Level 3.3 Armour
 + Level 3.3 Dodging
 - Level 4.0 Shields
 - Level 1.0 Spellcasting
 - Level 2.6 Fire Magic


You had 9 spell levels left.
You knew the following spells:

 Your Spells              Type           Power      Damage    Failure   Level
a - Scorch                Fire           16%        2d5       94%         2

Your spell library contained the following spells:

 Spells                   Type           Power      Damage    Failure   Level
 Freeze                   Ice            0%         1d3       99%         1
 Sting                    Tmut/Pois      0%         1d3       99%         1
 Corpse Rot               Necr/Air       N/A        N/A       100%        2
 Poisonous Vapours        Pois/Air       0%         N/A       100%        2
 Frozen Ramparts          Ice            0%         1d2       100%        3
 Gell's Gravitas          Tloc           0%         N/A       100%        3
 Lesser Beckoning         Tloc           0%         N/A       100%        3
 Ozocubu's Armour         Ice            0%         N/A       100%        3
 Teleport Other           Tloc           0%         N/A       100%        3
 Hailstorm                Conj/Ice       0%         3d3       100%        4
 Olgreb's Toxic Radiance  Pois           0%         N/A       100%        4
 Metabolic Englaciation   Hex/Ice        0%         N/A       100%        5
 Simulacrum               Ice/Necr       0%         N/A       100%        6
 Ozocubu's Refrigeration  Ice            0%         4d5       100%        7


Dungeon Overview and Level Annotations

Branches:
Dungeon (8/15)             Temple (0/1) D:5
   Lair: D:8-11

Altars:
Ashenzari
Makhleb
Okawaru
Sif Muna
Wu Jian

Annotations:
D:5 2 transporters
D:8 willcat's ghost, novice HuDe


Innate Abilities, Weirdness & Mutations

Your demonic aura sometimes causes spilled blood to erupt in flames.
You are mostly covered in sharp spines.


Message History

The gnoll hits you but does no damage.
You closely miss the gnoll.
The gnoll is almost dead.
The gnoll sergeant barely misses you.
You hit the gnoll.
You kill the gnoll!
The gnoll hits you from afar with a +0 halberd!
The gnoll sergeant hits you with a +0 spear.
You take 12 damage, and have 36/79 hp.
The gnoll is struck by your spines. The gnoll barely misses you.
The gnoll hits you from afar with a +0 halberd.
The gnoll sergeant hits you with a +0 spear.
Items here: ! )) †.
You take 9 damage, and have 27/79 hp.
You hit the gnoll.
The gnoll is poisoned.
The gnoll is almost dead.
The gnoll hits you with a +0 halberd!
* * * LOW HITPOINT WARNING * * *
You take 9 damage, and have 18/79 hp.
You hit the gnoll.
You kill the gnoll!
The gnoll hits you from afar with a +0 halberd.
* * * LOW HITPOINT WARNING * * *
The gnoll sergeant hits you with a +0 spear.
* * * LOW HITPOINT WARNING * * *
You take 5 damage, and have 13/79 hp.
The gnoll sergeant hits you with a +0 spear!
* * * LOW HITPOINT WARNING * * *
You take 8 damage, and have 5/79 hp.
The gnoll sergeant hits you but does no damage.
The gnoll sergeant hits you from afar with a +0 spear.
* * * LOW HITPOINT WARNING * * *
You take 1 damage, and have 4/79 hp.
Okay, then.
As you read the scroll of fear, it crumbles to dust.
You assume a fearsome visage.
The gnoll sergeant resists with some effort.
The gnoll looks frightened!
The gnoll sergeant hits you from afar with a +0 spear.
You die...

.........................#.
..o.#.##....................
###.####..##................
##...#.#..###......##.......
#........## ##(.....##.##.##. ..
#...#.....###..........# ..###..
...##......#...)..##...# ..#...
#..###....)...)))<.....# .....#
#......###......@[).##.####.....#
##..##..##.........##....#.......
....##..##.##.g........<.........
..#....##...g...##..(......#.....
###.....###.)#.........#...# .##
#........##.##........##..##
##...........###..#...#####
#....##.##..# #.......#
#....###.##..#######..##


You could see a gnoll sergeant (poisoned) and a gnoll (fleeing).

Vanquished Creatures
  Prince Ribbit (D:7)
  2 wyverns
  Sigmund (D:3)
  2 steam dragons
  Edmund (D:5)
  A water moccasin (D:5)
  3 sky beasts
  2 orc warriors
  2 necrophages
  A black bear (D:4)
  3 centaurs (D:8)
  3 ogres
  A kobold brigand (D:8)
  A phantom (D:5)
  A gnoll sergeant (D:8)
  3 bullfrogs
  2 scorpions
  A wyvern skeleton (D:6)
  2 jellies
  3 howler monkeys
  3 centaur zombies
  A centaur skeleton (D:7)
  4 hounds
  A gnoll shaman (D:6)
  An orc priest (D:8)
  A bullfrog skeleton (D:3)
  5 orc wizards
  A hound skeleton (D:5)
  3 howler monkey zombies
  9 adders
  16 gnolls
  2 shadow imps (D:8)
  A white imp (D:7)
  3 adder skeletons (D:4)
  5 dart slugs
  21 orcs
  9 ball pythons
  3 endoplasms
  2 giant cockroaches
  6 goblins
  10 hobgoblins
  6 jackals (D:1)
  9 kobolds
  3 quokkas
  12 bats
  2 frilled lizards
  8 rats
183 creatures vanquished.

Vanquished Creatures (others)
  An orc (D:8)
  140 foxfires
  6 plants (D:8)
147 creatures vanquished.

Grand Total: 330 creatures vanquished

Notes
Turn   | Place    | Note
-------+----------+-------------------------------------------
     0 | D:1      | jasper the Demonspawn Cinder Acolyte began the quest for
                  | the Orb.
     0 | D:1      | Reached XP level 1. HP: 18/18 MP: 2/2
    71 | D:1      | Reached skill level 3 in Long Blades
   279 | D:1      | Gained mutation: Your demonic aura sometimes causes spilled
                  | blood to erupt in flames. [demonic ancestry]
   279 | D:1      | Reached XP level 2. HP: 19/24 MP: 3/3
  1278 | D:1      | Reached XP level 3. HP: 28/29 MP: 4/4
  1596 | D:2      | Reached skill level 4 in Long Blades
  1932 | D:2      | Gained mutation: You are partially covered in sharp spines.
                  | [demonic ancestry]
  1932 | D:2      | Reached XP level 4. HP: 29/35 MP: 5/5
  2011 | D:2      | Learned a level 2 spell: Scorch
  2258 | D:3      | Found a broken altar of Ashenzari.
  2258 | D:3      | Found an ornate altar of the Wu Jian Council.
  2296 | D:3      | Noticed Sigmund
  3001 | D:3      | Gained mutation: You are mostly covered in sharp spines.
                  | [demonic ancestry]
  3001 | D:3      | Reached XP level 5. HP: 28/41 MP: 6/6
  3129 | D:3      | Killed Sigmund
  3130 | D:3      | Reached skill level 5 in Long Blades
  3130 | D:3      | Reached skill level 1 in Armour
  3130 | D:3      | Reached skill level 1 in Dodging
  3130 | D:3      | Reached XP level 6. HP: 47/47 MP: 7/7
  3672 | D:3      | Found a burning altar of Makhleb.
  3684 | D:3      | Found a shimmering blue altar of Sif Muna.
  4315 | D:4      | Reached XP level 7. HP: 54/54 MP: 8/8
  4392 | D:4      | Reached skill level 6 in Long Blades
  4987 | D:5      | Entered Level 5 of the Dungeon
  4987 | D:5      | Found a transporter.
  5124 | D:5      | Noticed Edmund
  5137 | D:5      | Killed Edmund
  5464 | D:5      | Found a staircase to the Ecumenical Temple.
  5572 | D:5      | Reached XP level 8. HP: 54/61 MP: 9/9
  5581 | D:5      | Reached skill level 7 in Long Blades
  5581 | D:5      | Reached skill level 1 in Shields
  5588 | D:5      | Reached skill level 5 in Fighting
  5979 | D:5      | Found a transporter.
  6877 | D:6      | Reached skill level 8 in Long Blades
  7807 | D:7      | Reached XP level 9. HP: 62/69 MP: 10/10
  8818 | D:7      | Noticed Prince Ribbit
  8831 | D:7      | Killed Prince Ribbit
  9030 | D:7      | Found an iron altar of Okawaru.
  9079 | D:7      | Reached skill level 9 in Long Blades
  9923 | D:8      | Noticed willcat's ghost (novice HuDe)
  9961 | D:8      | Reached skill level 1 in Throwing
 10064 | D:8      | Identified the ring "Elotzu" {rC+ Will+ rCorr Str+5 Int-5}
 10069 | D:8      | Identified the +0 scale mail of Fusaty {Will++ Int+3}
 10084 | D:8      | Reached skill level 10 in Long Blades
 10326 | D:8      | Reached XP level 10. HP: 39/79 MP: 11/11
 10375 | D:8      | Slain by a gnoll sergeant

Illustrated notes

Levels and vault maps discovered:
D:1:      saegor_arrival_simple_a, layout_basic, patterned_corridor
D:2:      layout_loops_ring, corexii_corridor_pit
D:3:      layout_loops_ring, gammafunk_temple_overflow_wave,
          amethyst_overflow_temple_binary, kennysheep_big_empty_room,
          kennysheep_generic_room_12, uniq_sigmund
D:4:      black_bear_nest_1, layout_gridville
D:5:      gammafunk_cloud_chamber, layout_rooms, minmay_temple_entry_glass,
          minmay_fractal_squares_diagonal_5, uniq_edmund
D:6:      layout_loops_corners, hangedman_abyss_or_decor_stagger
D:7:      layout_basic, okawaru_altar_gauntlet_db, uniq_prince_ribbit1
D:8:      cheibrodos_barr_body, layout_cave_pools,
          gammafunk_ghost_gnarly_gnolls, minmay_door_square, grunt_ministairs_14

Skill      XL: |  1  2  3  4  5  6  7  8  9 |
---------------+----------------------------+-----
Long Blades    | 3 4 5 6 8 10 | 10.0
Armour         | 1 2 3 |  3.3
Dodging        | 1 2 3 |  3.3
Fighting       | 4 6 7 |  7.3
Shields        | 3 4 |  4.0
Throwing       | 1 |  1.2
Spellcasting   | |  1.0
Fire Magic     | |  2.6

Action                   |  1- 3 |  4- 6 |  7- 9 | 10-12 || total
-------------------------+-------+-------+-------+-------++-------
Melee: Falchion          |   137 |    35 |    36 |       ||   208
       Short sword       |       |    43 |   229 |     8 ||   280
Throw: Dart              |       |     2 |     1 |       ||     3
       Stone             |       |       |    45 |       ||    45
Invok: Foxfire Swarm     |     2 |     3 |     6 |       ||    11
Evoke: Wand              |       |       |    12 |       ||    12
  Use: Scroll            |     3 |     1 |     5 |     1 ||    10
Armor: Chain mail        |   110 |    37 |   104 |     3 ||   254
       Robe              |     3 |       |       |       ||     3
Dodge: Dodged            |    51 |    15 |    91 |     6 ||   163
Block: Buckler           |       |       |    36 |     2 ||    38

Table legend: (Time is in decaauts)
 A = Elapsed time spent in this place.
 B = Non-inter-level travel time spent in this place.
 C = Inter-level travel time spent in this place.
 D = Time resting spent in this place.
 E = Time spent auto-exploring this place.
 F = Levels seen in this place.
 G = Mean time per level.
                   A        B        C        D        E       F      G
               +--------+--------+--------+--------+--------+-----+--------+
         Total |  10369 |   9772 |    597 |   3335 |   4668 |   8 | 1296.1 |
       Dungeon |  10369 |   9772 |    597 |   3335 |   4668 |   8 | 1296.1 |
               +--------+--------+--------+--------+--------+-----+--------+

Top non-repeatable levels by time:
     D:7: 1973 daAuts
     D:1: 1550 daAuts
     D:6: 1453 daAuts
     D:3: 1430 daAuts
     D:5: 1326 daAuts
     D:4: 1151 daAuts
     D:2: 913 daAuts
     D:8: 570 daAuts
